 Dungeon Crawl Stone Soup version 0.27-a0-660-g90476cec82 (webtiles) character file.

Game seed: 14931227423065381574

24 robertstho the Firebug (level 2, -2/15 HPs)
             Began as a Deep Elf Fire Elementalist on Mar 16, 2021.
             Slain by Terence
             ... wielding a +2 vorpal mace
              (6 damage)
             ... on level 2 of the Dungeon.
             The game lasted 00:01:33 (1129 turns).

robertstho the Firebug (Deep Elf Fire Elementalist) Turns: 1129, Time: 00:01:33

Health: -2/15      AC:  3    Str:  5    XL:     2   Next: 79%
Magic:  4/8        EV: 12    Int: 19    God:
Gold:   37         SH:  0    Dex: 15    Spells: 7/8 levels left

rFire    . . .     SeeInvis .   f - +0 dagger
rCold    . . .     Faith    .   (no shield)
rNeg     . . .     Spirit   .   a - +0 robe
rPois    .         Reflect  .   (no helmet)
rElec    .         Harm     .   h - +0 cloak
rCorr    .         Rampage  .   (no gloves)
Will     .....                  (no boots)
Stlth    ++........             (no amulet)
HPRegen  0.05/turn              (no ring)
MPRegen  0.11/turn              (no ring)

@: flying
A: no striking features
a: no special abilities


You were on level 2 of the Dungeon.
You visited 1 branch of the dungeon, and saw 2 of its levels.

You collected 37 gold pieces.

Inventory:

Hand Weapons
 f - a +0 dagger (weapon)
Armour
 a - a +0 robe (worn)
 h - a +0 cloak (worn)
Scrolls
 b - a scroll of identify {unknown}
 e - a scroll of random uselessness {unknown}
 g - a scroll of enchant weapon {unknown}
 i - a scroll of amnesia {unknown}


   Skills:
 + Level 0.2 Short Blades
 + Level 2.6 Dodging
 + Level 2.4 Stealth
 + Level 0.1 Unarmed Combat
 * Level 3.6 Spellcasting
 * Level 1.5 Conjurations
 * Level 3.7 Fire Magic


You had 7 spell levels left.
You knew the following spells:

 Your Spells              Type           Power      Damage    Failure   Level
a - Foxfire               Conj/Fire      52%        2x1d6     4%          1

Your spell library contained the following spells:

 Spells                   Type           Power      Damage    Failure   Level
 Conjure Flame            Conj/Fire      13%        6-21      14%         3
 Inner Flame              Hex/Fire       10%        N/A       21%         3
 Sticky Flame             Conj/Fire      13%        2d4       43%         4
 Fireball                 Conj/Fire      6%         3d5       80%         5


Dungeon Overview and Level Annotations

Branches:
Dungeon (2/15)

Altars:

Annotations:
D:2 Terence


Message History

The foxfire hits Terence but does no damage.
The foxfire hits the frilled lizard.
You kill the frilled lizard!
Unknown command.
Casting: Foxfire (safe; 4% risk of failure)
Confirm with . or Enter, or press ? or * to list all spells.
You conjure some foxfire!
The foxfire hits the hobgoblin.
The hobgoblin is moderately wounded.
The foxfire hits the hobgoblin.
The hobgoblin is almost dead.
A goblin comes into view.
Casting: Foxfire (safe; 4% risk of failure)
Confirm with . or Enter, or press ? or * to list all spells.
You conjure some foxfire!
The foxfire hits Terence but does no damage. x2
The foxfire hits the hobgoblin.
You kill the hobgoblin!
An ooze comes into view.
Casting: Foxfire (safe; 4% risk of failure)
Confirm with . or Enter, or press ? or * to list all spells.
You conjure some foxfire!
The foxfire hits Terence.
Terence is lightly wounded.
Terence hits you with a +2 vorpal mace!
Ouch! That really hurt!
Unknown command.
Casting: Foxfire (safe; 4% risk of failure)
Confirm with . or Enter, or press ? or * to list all spells.
You don't know that spell.
Your foxfire dissipates!
The foxfire hits Terence but does no damage.
Terence is lightly wounded.
It was a potion of curing.
You feel better. The ooze closely misses you.
Terence hits you with a +2 vorpal mace!
Ouch! That really hurt!
* * * LOW HITPOINT WARNING * * *
It was a potion of flight.
You feel very buoyant.
You fly up into the air.
The ooze hits you but does no damage. Terence hits you with a +2 vorpal mace.
You die...

### ## #..
. #.#.# ..
##†#. .
... . .
#J# .# .#
#@##.#..#
#@g.....#
#.).....#
#<.#.#..#
#..#....#
.........
#......###
#.....##
.....##


You could see Terence, an ooze and a goblin.

Vanquished Creatures
  2 giant cockroaches (D:1)
  5 goblins (D:1)
  2 hobgoblins
  4 jackals (D:1)
  A ball python (D:1)
  A bat (D:1)
  3 frilled lizards
  2 kobolds (D:1)
  2 rats (D:1)
22 creatures vanquished.

Vanquished Creatures (collateral kills)
  6 foxfires (D:1)
6 creatures vanquished.

Vanquished Creatures (others)
  65 foxfires
  2 plants (D:1)
67 creatures vanquished.

Grand Total: 95 creatures vanquished

Notes
Turn   | Place    | Note
-------+----------+-------------------------------------------
     0 | D:1      | robertstho the Deep Elf Fire Elementalist began the quest
                  | for the Orb.
     0 | D:1      | Reached XP level 1. HP: 10/10 MP: 6/6
   129 | D:1      | Reached XP level 2. HP: 15/15 MP: 5/8
  1119 | D:2      | Noticed Terence
  1129 | D:2      | Slain by Terence

Illustrated notes

Levels and vault maps discovered:
D:1:      minmay_arrival_up_and_down, layout_basic, serial_forest,
          infiniplex_forest_straight_4, infiniplex_forest_clump_double,
          infiniplex_forest_clump_large, infiniplex_forest_straight_2,
          infiniplex_forest_lined_4_way
D:2:      layout_loops_cross, makhleb_blood_cavern_becter, marbit_many_paths,
          uniq_terence

Action                   || total
-------------------------++-------
Melee: Unarmed           ||     1
       Dagger            ||     8
 Cast: Foxfire           ||    43
  Use: Potion            ||     2
 Stab: Distracted        ||     1
Armor: Robe              ||     7
Dodge: Dodged            ||    12

Table legend: (Time is in decaauts)
 A = Elapsed time spent in this place.
 B = Non-inter-level travel time spent in this place.
 C = Inter-level travel time spent in this place.
 D = Time resting spent in this place.
 E = Time spent auto-exploring this place.
 F = Levels seen in this place.
 G = Mean time per level.
                   A        B        C        D        E       F      G
               +--------+--------+--------+--------+--------+-----+--------+
         Total |   1128 |   1101 |     27 |      0 |    978 |   2 |  564.0 |
       Dungeon |   1128 |   1101 |     27 |      0 |    978 |   2 |  564.0 |
               +--------+--------+--------+--------+--------+-----+--------+

Top non-repeatable levels by time:
     D:1: 1118 daAuts
     D:2: 9 daAuts
